 Dungeon Crawl Stone Soup version 0.21-a0-225-g207ae17 (webtiles) character file.

606 Blomdor the Cleaver (level 7, -2/51 HPs)
             Began as a Barachi Skald on Aug 29, 2017.
             Slain by an ogre
             ... wielding a +0 giant club
              (19 damage)
             ... on level 5 of the Dungeon.
             The game lasted 00:05:37 (3442 turns).

Blomdor the Cleaver (Barachi Skald)                 Turns: 3442, Time: 00:05:38

Health: -2/51      AC:  8    Str: 15    XL:     7   Next: 42%
Magic:  10/10      EV:  7    Int: 13    God:
Gold:   248        SH:  0    Dex: 11    Spells: 9/10 levels left

rFire    . . .     SeeInvis .   i - +3 hand axe (freeze)
rCold    . . .     Gourm    .   (no shield)
rNeg     . . .     Faith    .   f - +0 chain mail
rPois    .         Spirit   .   (no helmet)
rElec    .         Reflect  .   (no cloak)
rCorr    .         Harm     .   (no gloves)
MR       .....                  (no boots)
Stlth    ..........             (no amulet)
HPRegen  0.17/turn              (no ring)
MPRegen  0.12/turn              (no ring)

@: slow
A: +LOS, swims, slowness 1, strong legs 1
a: Hop


You were on level 5 of the Dungeon.
You were not hungry.

You visited 1 branch of the dungeon, and saw 5 of its levels.

You collected 248 gold pieces.

Inventory:

Hand Weapons
 i - a +3 hand axe of freezing (weapon)
Armour
 a - a +0 plate armour
 f - a +0 chain mail (worn)
 j - a +1 shield
Wands
 p - a wand of acid (7/15)
Scrolls
 g - 4 scrolls of teleportation
 h - a scroll of identify
 n - 2 scrolls of fog
 q - a scroll of enchant weapon
Potions
 e - 2 potions of curing
 m - a potion of might
 o - a potion of lignification
 s - a potion of brilliance {unknown}
Books
 c - a book of Battle

   Spells                             Type                      Level
   a - Infusion                       Charms                       1
   b - Shroud of Golubria             Charms/Translocation         2
   c - Song of Slaying                Charms                       2
   d - Spectral Weapon                Hexes/Charms                 3
   e - Regeneration                   Charms/Necromancy            3
Comestibles
 b - 6 fruits
 d - 4 bread rations
 k - 2 royal jellies
 l - a meat ration
 r - a chunk of flesh


   Skills:
 - Level 2.4 Fighting
 * Level 8.8 Axes
 - Level 1.2 Armour
 - Level 2.1 Dodging
 - Level 2.1 Spellcasting
 - Level 3.2 Charms


You had 9 spell levels left.
You knew the following spells:

 Your Spells              Type           Power        Failure   Level  Hunger
a - Infusion              Chrm           #...         83%         1    ##.....


Dungeon Overview and Level Annotations

Branches:
Dungeon (5/15)             Temple (0/1) D:5

Altars:
Makhleb


Innate Abilities, Weirdness & Mutations

Shadows flee at your approach. (+LOS)
You can swim through water.
You cover ground slowly.
You can hop short distances.


Message History

No target in view!
No target in view!
No target in view!
An ogre is nearby!
An ogre is nearby!
You slash the ogre! You freeze the ogre.
The ogre is heavily wounded.
The ogre hits you with a giant club!
You hit the ogre. You freeze the ogre.
The ogre is heavily wounded.
The ogre hits you but does no damage.
You barely miss the ogre.
The ogre is heavily wounded.
You hit the ogre. You freeze the ogre.
The ogre is severely wounded.
The ogre hits you with a giant club!!
You barely miss the ogre.
The ogre is severely wounded.
The ogre hits you with a giant club!!
You die...

###...#####...#.#######
... #......###..#...# #.#
#............##.#####..#.
#. ..#...###.............
#. ..........<...........
# ..#####...........#...
. ###.............
#O###.....#.##
##@###......#
###..(....###.#
######.........# #
#......##.....##
#.############# #.# #.#
#.## #..♣


You could see an ogre.

Vanquished Creatures
  An orc warrior (D:4)
  Blork the orc (D:4)
  A bullfrog (D:4)
  A crimson imp (D:4)
  2 hounds (D:4)
  A bullfrog skeleton (D:5)
  A centaur skeleton (D:4)
  Terence (D:2)
  A worker ant (D:5)
  9 adders
  An ooze (D:4)
  2 worms
  3 dart slugs
  3 leopard geckos
  7 orcs
  6 giant cockroaches
  9 goblins
  4 hobgoblins
  9 jackals
  8 bats
  3 frilled lizards
  3 kobolds
  11 rats
88 creatures vanquished.

Notes
Turn   | Place    | Note
-------+----------+-------------------------------------------
     0 | D:1      | Blomdor the Barachi Skald began the quest for the Orb.
     0 | D:1      | Reached XP level 1. HP: 17/17 MP: 3/3
   279 | D:1      | Reached skill level 3 in Axes
   279 | D:1      | Reached XP level 2. HP: 18/23 MP: 5/5
  1107 | D:2      | Reached skill level 4 in Axes
  1107 | D:2      | Reached XP level 3. HP: 24/28 MP: 6/6
  1304 | D:2      | Found a burning altar of Makhleb.
  1304 | D:2      | Noticed a blizzard demon
  1386 | D:2      | Reached XP level 4. HP: 31/34 MP: 7/7
  1390 | D:2      | Noticed Terence
  1412 | D:2      | Killed Terence
  1412 | D:2      | Reached skill level 5 in Axes
  1676 | D:2      | Noticed a hellwing
  1676 | D:2      | Noticed an orange demon
  1869 | D:2      | Reached XP level 5. HP: 23/39 MP: 8/8
  2343 | D:3      | Reached skill level 6 in Axes
  2629 | D:4      | Noticed an orc warrior
  2642 | D:4      | Killed an orc warrior
  2642 | D:4      | Reached skill level 7 in Axes
  2642 | D:4      | Reached XP level 6. HP: 21/46 MP: 9/9
  3096 | D:4      | Noticed Blork the orc
  3104 | D:4      | Reached skill level 8 in Axes
  3104 | D:4      | Reached XP level 7. HP: 42/51 MP: 10/10
  3118 | D:4      | Killed Blork the orc
  3364 | D:5      | Entered Level 5 of the Dungeon
  3383 | D:5      | Found a staircase to the Ecumenical Temple.
  3442 | D:5      | Slain by an ogre

Vault maps used:
D:1:      dpeg_arrival_tiny_a
D:2:      makhleb_altar_promises_db, uniq_terence
D:4:      uniq_blork_the_orc
D:5:      kennysheep_kobold_camp, minmay_temple_entry_metal_lava, first_bread

Skill      XL: |  1  2  3  4  5  6 |
---------------+-------------------+-----
Axes           | 3 4 5 7 8 |  8.8
Fighting       | |  2.4
Armour         | |  1.2
Dodging        | |  2.1
Spellcasting   | |  2.1
Charms         | |  3.2

Action                   |  1- 3 |  4- 6 |  7- 9 || total
-------------------------+-------+-------+-------++-------
Melee: Hand axe          |    99 |   135 |    39 ||   273
  Use: Scroll            |     5 |     4 |     4 ||    13
       Potion            |       |     1 |       ||     1
  Eat: Chunk             |     2 |     7 |     1 ||    10
Armor: Leather armour    |    27 |       |       ||    27
       Chain mail        |    20 |    73 |    16 ||   109
Dodge: Dodged            |    71 |    40 |     6 ||   117

Table legend:
 A = Spawn XP
 B = Non-spawn XP
 C = Spawn XP percentage of total XP
 D = Spawn monster count
 E = Non-spawn monster count
 F = Spawn count percentage of total count
 G = Total turns spent on level
                    A         B        C        D         E        F      G
               +---------+---------+-------+---------+---------+-------+---------
         Total |      76 |     790 |   8.8 |      14 |      74 |  15.9 |  3442
               +---------+---------+-------+---------+---------+-------+---------
           D:1 |      11 |      18 |  37.9 |       6 |      11 |  35.3 |   990
           D:2 |      10 |     157 |   6.0 |       3 |      25 |  10.7 |  1141
           D:3 |       4 |      50 |   7.4 |       2 |      18 |  10.0 |   419
           D:4 |      51 |     481 |   9.6 |       3 |      17 |  15.0 |   814
           D:5 |       0 |      84 |   0.0 |       0 |       3 |   0.0 |    78
               +---------+---------+-------+---------+---------+-------+---------
